[Event "Titled Tuesday Blitz October 25 Late 2022"]
[White "Roman, Rodrigo"]
[Black "Besedes, Danilo"]
[WhiteFideId "3701220"]
[BlackFideId "946796"]
[WhiteElo "2001"]
[BlackElo "2352"]
[Result "1-0"]
[Round "06"]
[TimeControl "180+1"]
[Date "2022.10.26"]
[WhiteClock "0:02:03"]
[BlackClock "0:02:40"]

1. e4 c6 2. d4 d5 3. Nc3 dxe4 4. Nxe4 Bf5 5. Ng3 Bg6 6. Nf3 Nf6 7. h4 Nh5 8. Nxh5 Bxh5 9. c3 e6 10. Bd3 Be7 11. Bg5 Bxf3 12. Qxf3 Bxg5 13. hxg5 Qxg5 14. Rh5 Qf6 15. Qxf6 gxf6 16. Rxh7 Rxh7 17. Bxh7 f5 18. Ke2 Nd7 19. g4 Nf6 20. Rh1 Nxg4 21. Bxf5 1-0


[Site "https://www.chess.com"]

[Event "Titled Tuesday Blitz October 25 Late 2022"]
[White "Romero Ruscalleda, Josep"]
[Black "Djordjevic, Dejan N"]
[WhiteFideId "2231859"]
[BlackFideId "913316"]
[WhiteElo "2335"]
[BlackElo "2262"]
[Result "0-1"]
[Round "06"]
[TimeControl "180+1"]
[Date "2022.10.26"]
[WhiteClock "0:00:34"]
[BlackClock "0:00:03"]

1. e4 c5 2. c3 d5 3. exd5 Qxd5 4. d4 Nc6 5. Nf3 e6 6. Be3 cxd4 7. cxd4 Nf6 8. Nc3 Qd8 9. Bd3 Be7 10. O-O O-O 11. Rc1 Nb4 12. Bb1 Nbd5 13. Qe2 a6 14. Rfd1 b5 15. Ne5 Bb7 16. Bg5 Rc8 17. Ne4 Rxc1 18. Rxc1 Nxe4 19. Qxe4 g6 20. Be3 Bf6 21. Ng4 Bg7 22. Bh6 Bxh6 23. Nxh6+ Kg7 24. Ng4 Qg5 25. Rd1 Rc8 26. Qe5+ Qxe5 27. dxe5 h5 28. Ne3 Nxe3 29. fxe3 Rc5 30. Kf2 Rxe5 31. Rd7 Bd5 32. Ra7 Rg5 33. g3 Rg4 34. Rxa6 Rc4 35. Rb6 Rc1 36. Bd3 Bxa2 37. Rxb5 Rd1 38. Be2 Rd2 39. Ke1 Rxe2+ 40. Kxe2 Bc4+ 41. Kf3 Bxb5 42. Ke4 Kf6 43. Kd4 g5 44. e4 e5+ 45. Kc5 Bd3 46. Kd5 Bc2 47. b4 Bb3+ 48. Kd6 Ba4 49. h3 Bb5 50. Kc5 Bd3 51. Kd5 Be2 52. h4 gxh4 53. gxh4 Bd3 54. Kc5 Bxe4 55. b5 Kf5 56. b6 Kf4 57. Kd6 f5 58. Ke6 Bb7 59. Kf6 e4 60. Kg6 e3 61. Kxh5 e2 62. Kg6 e1=Q 63. h5 Qg3+ 64. Kh6 Qg5+ 65. Kh7 Bd5 66. Kh8 Qg8# 0-1


[Site "https://www.chess.com"]

[Event "Titled Tuesday Blitz October 25 Late 2022"]
[White "Rose, Felix"]
[Black "Burke, Paul"]
[WhiteFideId "5105722"]
[BlackFideId "2605767"]
[WhiteElo "2039"]
[BlackElo "1845"]
[Result "1-0"]
[Round "06"]
[TimeControl "180+1"]
[Date "2022.10.26"]
[WhiteClock "0:00:16"]
[BlackClock "0:00:39"]

1. e4 e5 2. Nf3 Nc6 3. Bb5 f5 4. d3 Nf6 5. O-O Be7 6. Bxc6 dxc6 7. Nxe5 fxe4 8. dxe4 Qxd1 9. Rxd1 Nxe4 10. Re1 Nf6 11. Nc3 Bf5 12. Bg5 Bxc2 13. Re2 Bf5 14. Rae1 O-O 15. g4 Bc8 16. Nxc6 bxc6 17. Rxe7 Bxg4 18. Rxc7 Bf3 19. Re3 Bd5 20. Bxf6 Rxf6 21. Nxd5 cxd5 22. Ree7 Rg6+ 23. Kf1 a5 24. Red7 Rg5 25. b3 a4 26. b4 a3 27. b5 h6 28. b6 Kh7 29. b7 Rb8 30. Rc8 1-0


[Site "https://www.chess.com"]

[Event "Titled Tuesday Blitz October 25 Late 2022"]
[White "Rostomyan, Mikayel"]
[Black "Erenberg, Ariel"]
[WhiteFideId "13313754"]
[BlackFideId "2811634"]
[WhiteElo "2018"]
[BlackElo "2416"]
[Result "1-0"]
[Round "06"]
[TimeControl "180+1"]
[Date "2022.10.26"]
[WhiteClock "0:00:25"]
[BlackClock "0:00:42"]

1. d4 Nf6 2. Nf3 e6 3. c4 Bb4+ 4. Bd2 c5 5. Bxb4 cxb4 6. g3 b6 7. a3 Na6 8. Bg2 Bb7 9. O-O O-O 10. Nbd2 d6 11. Qb3 bxa3 12. Rxa3 Nc7 13. Rfa1 Qb8 14. Qd3 d5 15. c5 bxc5 16. dxc5 Bc6 17. Nd4 Be8 18. Rb3 Qc8 19. e4 e5 20. Nf5 Qe6 21. exd5 Ncxd5 22. Ra6 Qc8 23. Rxf6 gxf6 24. Bxd5 Qxc5 25. Bxa8 Ba4 26. Rc3 Qb6 27. Be4 Qxb2 28. Rc7 Bb5 29. Qe3 Qa1+ 30. Kg2 Rd8 31. Nh6+ Kf8 32. Rxf7+ Ke8 33. Rxh7 Rxd2 34. Bg6+ Kd8 35. Qxd2+ Kc8 36. Qc2+ Kb8 37. Qc7+ Ka8 38. Qb7# 1-0


[Site "https://www.chess.com"]

[Event "Titled Tuesday Blitz October 25 Late 2022"]
[White "Sadhwani, Raunak"]
[Black "Sivakumar, Shaaketh"]
[WhiteFideId "35093487"]
[BlackFideId "30940176"]
[WhiteElo "2656"]
[BlackElo "2174"]
[Result "1-0"]
[Round "06"]
[TimeControl "180+1"]
[Date "2022.10.26"]
[WhiteClock "0:00:08"]
[BlackClock "0:00:05"]

1. d4 e6 2. Nc3 d5 3. Bf4 Bd6 4. e3 Nf6 5. Bxd6 Qxd6 6. Nf3 O-O 7. Bd3 Nbd7 8. O-O c5 9. Re1 e5 10. dxc5 Nxc5 11. Bf1 Be6 12. Ng5 Bg4 13. f3 Bh5 14. Qd2 Rad8 15. Rad1 h6 16. Nh3 Qb6 17. Nf2 e4 18. g4 Bg6 19. f4 h5 20. f5 Bh7 21. g5 Ng4 22. Nxg4 hxg4 23. Nxd5 Bxf5 24. Nxb6 Rxd2 25. Rxd2 axb6 26. Bc4 g6 27. Rd6 Nd7 28. Be2 Kg7 29. Kg2 Rh8 30. Rd5 Be6 31. Rb5 Bxa2 32. b3 Rc8 33. Bxg4 Rxc2+ 34. Re2 Rxe2+ 35. Bxe2 Kf8 36. Bc4 Ke7 37. Kg3 Bb1 38. h4 Bd3 39. Kf4 Bc2 40. Bd5 f5 41. gxf6+ Nxf6 42. Bxb7 Nd7 43. Bxe4 Bd1 44. Bc6 Nc5 45. Rxb6 Bxb3 46. Be4 Bf7 47. Bxg6 Ne6+ 48. Ke5 Bg8 49. Rb7+ Kd8 50. Bf5 Nf8 51. Rg7 Bc4 52. h5 Ke8 53. h6 Bd3 54. Bxd3 Nd7+ 55. Kf5 Kf8 56. Bc4 Nf6 57. Kxf6 Ke8 58. h7 Kf8 59. h8=Q# 1-0


[Site "https://www.chess.com"]

[Event "Titled Tuesday Blitz October 25 Late 2022"]
[White "Sailer, Mike"]
[Black "Ardila, Oscar Humberto"]
[WhiteFideId "2012901"]
[BlackFideId "4404742"]
[WhiteElo "2109"]
[BlackElo "1898"]
[Result "0-1"]
[Round "06"]
[TimeControl "180+1"]
[Date "2022.10.26"]
[WhiteClock "0:00:29"]
[BlackClock "0:01:57"]

1. d4 Nf6 2. Bf4 g6 3. Nc3 Bg7 4. e4 d6 5. Qd2 h5 6. O-O-O Nbd7 7. Nf3 Nb6 8. e5 Nfd5 9. Nxd5 Nxd5 10. Bg5 O-O 11. Bc4 Nb6 12. Bb3 dxe5 13. dxe5 Qxd2+ 14. Rxd2 Re8 15. Rhd1 Bg4 16. Bf4 Bxf3 17. gxf3 e6 18. a4 a5 19. Bg3 Bh6 20. f4 Bf8 21. h4 Bb4 22. c3 Bc5 23. Kc2 c6 24. f3 Nd5 25. Bxd5 cxd5 26. Bf2 Be7 27. Kb3 Rec8 28. Rc2 Rc4 29. Rd4 Rac8 30. Rxc4 Rxc4 31. Bd4 Bxh4 32. Ka2 Rxa4+ 33. Kb1 Rc4 34. b3 Rc6 35. Kb2 Be7 36. Rc1 Bc5 37. Ra1 Bxd4 38. cxd4 b6 39. Rh1 Kf8 40. Rg1 Ke7 41. Rf1 Rc8 42. Ra1 Kd7 43. b4 axb4 44. Ra7+ Rc7 45. Ra8 Kc6 46. Kb3 Kb5 47. Rf8 Rc3+ 48. Kb2 Rxf3 49. Rxf7 Kc4 50. Rf6 Rf2+ 51. Kc1 Kc3 52. Kd1 b3 53. Rxe6 b2 54. Rc6+ Kd3 0-1


[Site "https://www.chess.com"]

[Event "Titled Tuesday Blitz October 25 Late 2022"]
[White "Salimova, Nurgyul"]
[Black "Rasulov, Vugar"]
[WhiteFideId "2915138"]
[BlackFideId "13402390"]
[WhiteElo "2315"]
[BlackElo "2509"]
[Result "0-1"]
[Round "06"]
[TimeControl "180+1"]
[Date "2022.10.26"]
[WhiteClock "0:02:13"]
[BlackClock "0:02:17"]

1. Nf3 c5 2. c4 Nc6 3. g3 g6 4. Bg2 Bg7 5. O-O Nh6 6. Nc3 O-O 7. d3 Nf5 8. Bd2 d6 9. a3 e5 10. Rb1 a5 11. Nd5 Nfe7 12. b4 axb4 13. axb4 Nxd5 14. cxd5 Nxb4 15. Bxb4 cxb4 16. Rxb4 Qa5 17. Qb3 Ra7 18. Nd2 Qa2 19. Rd1 Bg4 20. Kf1 Qxb3 21. Rxb3 Bd7 22. Rdb1 b5 23. Ne4 Ra6 24. Nc3 Rb8 25. Nxb5 Rxb5 0-1


[Site "https://www.chess.com"]

[Event "Titled Tuesday Blitz October 25 Late 2022"]
[White "Sanchez, Robert"]
[Black "Baglan, Esat"]
[WhiteFideId "2034360"]
[BlackFideId "6309216"]
[WhiteElo "2417"]
[BlackElo "2231"]
[Result "1/2-1/2"]
[Round "06"]
[TimeControl "180+1"]
[Date "2022.10.26"]
[WhiteClock "0:00:19"]
[BlackClock "0:00:16"]

1. e4 c5 2. Nf3 d6 3. d4 cxd4 4. Nxd4 Nf6 5. Nc3 Nc6 6. f3 g6 7. Be3 Bg7 8. Bc4 O-O 9. Qd2 Bd7 10. O-O-O Rc8 11. Bb3 Nxd4 12. Bxd4 b5 13. h4 a5 14. h5 a4 15. Bxf6 exf6 16. Bd5 b4 17. Ne2 f5 18. hxg6 hxg6 19. Kb1 Qf6 20. Nd4 a3 21. g3 Rc5 22. Qh2 Rfc8 23. Qh7+ Kf8 24. g4 Rxc2 25. g5 Rxb2+ 26. Ka1 Qxd4 27. Rxd4 Rbc2 28. Kb1 Rb2+ 29. Ka1 Rbc2 30. Kb1 Rb2+ 31. Ka1 1/2-1/2


[Site "https://www.chess.com"]

[Event "Titled Tuesday Blitz October 25 Late 2022"]
[White "Schuster, Karsten"]
[Black "Makaraci, Tunahan"]
[WhiteFideId "4611071"]
[BlackFideId "6356559"]
[WhiteElo "2294"]
[BlackElo "2175"]
[Result "1-0"]
[Round "06"]
[TimeControl "180+1"]
[Date "2022.10.26"]
[WhiteClock "0:01:52"]
[BlackClock "0:02:38"]

1. d4 d5 2. c4 e6 3. cxd5 c5 4. dxe6 Bxe6 5. Nf3 Nc6 6. e3 cxd4 7. Nxd4 Bb4+ 8. Nc3 Nxd4 9. Qxd4 Qxd4 10. exd4 O-O-O 11. Be3 Nf6 12. a3 Ba5 13. b4 Bb6 14. O-O-O Ng4 15. h3 Nxe3 16. fxe3 Rhe8 17. Bb5 Bd7 18. Bxd7+ Rxd7 19. Rhe1 Rde7 20. Nd5 Re6 21. Nxb6+ axb6 22. Rd3 Rc6+ 23. Kd2 Kd7 24. Rc3 Rg6 25. Re2 h5 26. e4 Rd6 27. Rd3 Rc8 28. e5 Rd5 29. Rf2 Ke7 30. Ke3 Rc1 31. Ke4 Rd8 32. d5 g6 33. d6+ 1-0


[Site "https://www.chess.com"]

[Event "Titled Tuesday Blitz October 25 Late 2022"]
[White "Senthil Maran K"]
[Black "Rosenberg, Evan S"]
[WhiteFideId "25035681"]
[BlackFideId "2019299"]
[WhiteElo "2109"]
[BlackElo "2370"]
[Result "1-0"]
[Round "06"]
[TimeControl "180+1"]
[Date "2022.10.26"]
[WhiteClock "0:00:51"]
[BlackClock "0:00:06"]

1. g3 e5 2. c4 Nc6 3. Bg2 f5 4. Nc3 Nf6 5. d3 Bb4 6. e3 e4 7. Ne2 Ne5 8. dxe4 fxe4 9. O-O Nf3+ 10. Kh1 Bxc3 11. Nxc3 d5 12. cxd5 O-O 13. Nxe4 Nxe4 14. Bxf3 Ng5 15. Bg2 Bh3 16. e4 Bxg2+ 17. Kxg2 Nxe4 18. Qd4 Nd6 19. Bf4 Qd7 20. Rae1 Rad8 21. Re6 Nb5 22. Qe5 Qxd5+ 23. Qxd5 Rxd5 24. Re7 Rf7 25. Rfe1 Rxe7 26. Rxe7 Rc5 27. a4 Nd6 28. Bxd6 cxd6 29. Rxb7 Ra5 30. b3 h5 31. Kf3 Kh7 32. Ke4 Kh6 33. h4 g6 34. Rb5 Ra6 35. Kd5 g5 36. a5 gxh4 37. gxh4 Kg6 38. b4 Kf5 39. Rb8 Kg4 40. Rg8+ Kxh4 41. f4 Kh3 42. f5 h4 43. f6 Kh2 44. f7 h3 45. f8=Q Rb6 46. Qf2+ Kh1 47. Qg1# 1-0


[Site "https://www.chess.com"]

[Event "Titled Tuesday Blitz October 25 Late 2022"]
[White "Sjugirov, Sanan"]
[Black "Piesik, Piotr"]
[WhiteFideId "4189302"]
[BlackFideId "1136194"]
[WhiteElo "2609"]
[BlackElo "2323"]
[Result "0-1"]
[Round "06"]
[TimeControl "180+1"]
[Date "2022.10.26"]
[WhiteClock "0:00:12"]
[BlackClock "0:00:14"]

1. d4 c5 2. d5 e5 3. e4 d6 4. c4 Be7 5. Nc3 Bg5 6. Bxg5 Qxg5 7. Nf3 Qd8 8. Be2 Ne7 9. h4 O-O 10. h5 h6 11. Nh4 f5 12. exf5 Nxf5 13. Nxf5 Bxf5 14. Bg4 Qg5 15. Bxf5 Qxf5 16. Qe2 Nd7 17. Ne4 Nf6 18. Nxd6 Qg5 19. g3 e4 20. Rh4 Qe5 21. Nb5 e3 22. f4 Qe4 23. Nc3 Qf5 24. O-O-O Rfe8 25. Qf3 Ne4 26. g4 Qf6 27. Nxe4 Qxh4 28. d6 Rad8 29. Qxe3 Qxg4 30. d7 Re6 31. Qd3 Qxf4+ 32. Nd2 Qd4 33. Qf5 Rf6 34. Qh3 Qxd7 35. Qe3 Rd6 36. b3 Rxd2 37. Rxd2 Qxd2+ 38. Qxd2 Rxd2 39. Kxd2 g6 40. hxg6 Kg7 41. Ke3 Kxg6 42. Kf4 h5 43. a3 a5 44. a4 b6 45. Kf3 Kg5 46. Kg3 Kf5 47. Kh4 Ke4 48. Kxh5 Kd4 49. Kg4 Kc3 50. Kf4 Kxb3 51. Ke5 Kxc4 52. Kd6 Kb4 53. Kc6 Kxa4 54. Kxb6 Kb4 0-1


[Site "https://www.chess.com"]

[Event "Titled Tuesday Blitz October 25 Late 2022"]
[White "Sorokin, Aleksey"]
[Black "Djordjevic, Vuk"]
[WhiteFideId "24176460"]
[BlackFideId "902098"]
[WhiteElo "2476"]
[BlackElo "2456"]
[Result "1-0"]
[Round "06"]
[TimeControl "180+1"]
[Date "2022.10.26"]
[WhiteClock "0:00:56"]
[BlackClock "0:00:04"]

1. c4 e5 2. Nc3 Nc6 3. Nf3 g6 4. e3 Bg7 5. d4 d6 6. d5 Nce7 7. e4 f5 8. Bd3 Nf6 9. h4 f4 10. b4 a5 11. bxa5 Rxa5 12. a4 c5 13. Qb3 O-O 14. Bd2 h6 15. Ra3 Ra6 16. Kd1 Bg4 17. Kc2 Qd7 18. Nb5 Rfa8 19. Bc3 Ne8 20. Nd2 Qd8 21. f3 Bd7 22. Raa1 Nc8 23. a5 b6 24. axb6 Rxa1 25. Rxa1 Rxa1 26. Bxa1 Qxb6 27. Bc3 Qd8 28. Qa3 Qxh4 29. Qa8 Qe7 30. Nb3 Bf6 31. Na5 Nb6 32. Qb8 Qd8 33. Qb7 Na4 34. Nc6 Qc8 35. Qxc8 Bxc8 36. Ba5 g5 37. Kb3 g4 38. fxg4 Bxg4 39. Kxa4 h5 40. Nc7 Kf7 41. Ne6 Bxe6 42. dxe6+ Kxe6 43. Be2 Ng7 44. Kb5 Kd7 45. Bb6 Bh4 46. Na5 Be1 47. Nb3 Bf2 48. Bf3 Bh4 49. Ba5 Bf6 50. Nc1 Be7 51. Nd3 Bh4 52. Be1 Be7 53. Bf2 Bg5 54. Kb6 Bf6 55. Kb7 Be7 56. Nb2 Bd8 57. Na4 Be7 58. Nb6+ Ke6 59. Kc6 Bf8 60. Bh4 Be7 61. Bxe7 Kxe7 62. Nc8+ Ke6 63. Nxd6 Ke7 64. Nf5+ Nxf5 65. exf5 Kf6 66. Be4 h4 67. Kxc5 f3 68. Bxf3 Kxf5 69. Kd5 1-0


[Site "https://www.chess.com"]

[Event "Titled Tuesday Blitz October 25 Late 2022"]
[White "Storey, Charles H"]
[Black "Boskovic, Drasko"]
[WhiteFideId "406686"]
[BlackFideId "927368"]
[WhiteElo "2252"]
[BlackElo "2388"]
[Result "1/2-1/2"]
[Round "06"]
[TimeControl "180+1"]
[Date "2022.10.26"]
[WhiteClock "0:00:06"]
[BlackClock "0:00:06"]

1. c4 Nf6 2. g3 g6 3. Bg2 Bg7 4. Nc3 O-O 5. d3 c6 6. Bg5 h6 7. Bd2 d5 8. Nf3 a6 9. O-O b5 10. cxd5 cxd5 11. a4 b4 12. Na2 a5 13. Rc1 Ba6 14. b3 e6 15. Rc2 Nbd7 16. Qc1 Rc8 17. Rxc8 Qxc8 18. Bxh6 Bxh6 19. Qxh6 Qc2 20. Nc1 Rc8 21. Ng5 Qd2 22. Bf3 Rxc1 23. Rxc1 Qxc1+ 24. Kg2 Qc3 25. Nxe6 fxe6 26. Qxg6+ Kf8 27. h4 Ke7 28. h5 Ne5 29. Qg7+ Nf7 30. h6 Qe5 31. h7 Nxh7 32. Qxh7 Qf6 33. Qg8 Nd8 34. Bh5 Bb7 35. Qe8+ Kd6 36. d4 Nc6 37. e3 Qe7 38. Qg8 Qd8 39. Qg7 Bc8 40. Be2 Bd7 41. Bb5 Qe7 42. Qh8 Qe8 43. Qh4 Qf8 44. f4 Ne7 45. Bd3 Qg7 46. g4 Nf5 47. Qh3 Be8 48. Kf3 Ne7 49. Qg3 Kd7 50. f5 Nc6 51. Bb5 Kc8 52. Qd6 Qd7 53. Qxe6 Qxe6 54. fxe6 Kd8 55. Kf4 Ke7 56. Bxc6 Bxc6 57. Ke5 Bxa4 58. e4 Bxb3 59. g5 dxe4 60. d5 Bxd5 61. Kxd5 e3 62. g6 e2 63. g7 e1=Q 64. g8=Q Qd2+ 65. Kc6 Qc3+ 66. Kb5 Qe5+ 67. Ka4 Qxe6 68. Qg7+ Qf7 69. Qg5+ Kf8 70. Qh6+ Qg7 71. Qf4+ Kg8 72. Kxa5 Qb7 73. Ka4 b3 74. Qc4+ Kf8 75. Qxb3 Qa7+ 76. Kb4 Qb7+ 77. Kc3 Qxb3+ 78. Kxb3 1/2-1/2


[Site "https://www.chess.com"]

[Event "Titled Tuesday Blitz October 25 Late 2022"]
[White "Stoyanov, Tsvetan"]
[Black "Sanal, Vahap"]
[WhiteFideId "2917173"]
[BlackFideId "6300545"]
[WhiteElo "2349"]
[BlackElo "2574"]
[Result "1-0"]
[Round "06"]
[TimeControl "180+1"]
[Date "2022.10.26"]
[WhiteClock "0:00:06"]
[BlackClock "0:00:19"]

1. c4 d6 2. d4 e5 3. dxe5 dxe5 4. Qxd8+ Kxd8 5. Nc3 c6 6. Nf3 f6 7. e4 Kc7 8. Be3 Na6 9. O-O-O Bc5 10. Bxc5 Nxc5 11. b4 Ne6 12. c5 a5 13. a3 Ne7 14. Bc4 Nf4 15. Ne1 axb4 16. axb4 Ra1+ 17. Kc2 Rxd1 18. Nxd1 Rd8 19. Ne3 Be6 20. g3 Bxc4 21. gxf4 Bb5 22. fxe5 fxe5 23. Rg1 Ng6 24. Kc3 Ra8 25. N1c2 Rd8 26. Rd1 Rf8 27. Nf5 Rf7 28. Rg1 Be2 29. Nce3 Bf3 30. Nd6 Rf8 31. Ra1 Kb8 32. b5 Ne7 33. Rb1 Kc7 34. bxc6 Kxc6 35. Kc4 Be2+ 36. Kc3 Kxc5 37. Nxb7+ Kc6 38. Na5+ Kd7 39. Rb7+ Ke6 40. Rb6+ Kf7 41. Kd2 Bf3 42. Nac4 Kg8 43. Nxe5 Bxe4 44. Ke2 Ra8 45. Rb2 h6 46. f3 Bh7 47. Kf2 Kf8 48. N3c4 Bg8 49. Nd6 g5 50. Rb7 Ra2+ 51. Kg3 Rd2 52. Nd7+ Kg7 53. Nc5 Kf8 54. Nde4 Nf5+ 55. Kg4 Ne3+ 56. Kh5 Rxh2+ 57. Kg6 Bd5 58. Nd7+ Ke8 59. Ndf6+ Kf8 60. Rb8+ Ke7 61. Re8# 1-0


[Site "https://www.chess.com"]

[Event "Titled Tuesday Blitz October 25 Late 2022"]
[White "Suder, Jakub"]
[Black "Timmermans, Mark"]
[WhiteFideId "1195310"]
[BlackFideId "1026399"]
[WhiteElo "2174"]
[BlackElo "2460"]
[Result "0-1"]
[Round "06"]
[TimeControl "180+1"]
[Date "2022.10.26"]
[WhiteClock "0:00:37"]
[BlackClock "0:00:18"]

1. d4 Nf6 2. c4 e6 3. Nc3 Bb4 4. Qb3 c5 5. dxc5 Na6 6. a3 Bxc3+ 7. Qxc3 Nxc5 8. b4 Nce4 9. Qb2 d5 10. cxd5 exd5 11. Nf3 O-O 12. Bf4 Qb6 13. e3 Ng4 14. Bg3 Be6 15. Nd4 Rac8 16. Be2 Bd7 17. O-O Ngf6 18. Bf3 Nxg3 19. hxg3 Rc4 20. Be2 Rc7 21. Rac1 Rfc8 22. Rxc7 Qxc7 23. Bf3 Qc3 24. Qxc3 Rxc3 25. Ra1 Kf8 26. Kf1 Ke7 27. Ke1 Ne4 28. Bxe4 dxe4 29. Kd2 Rd3+ 30. Ke2 h5 31. a4 g6 32. a5 a6 33. Rc1 Kd6 34. f3 f5 35. Rf1 Rxd4 36. exd4 Bb5+ 37. Kf2 Bxf1 38. Kxf1 Kd5 39. fxe4+ fxe4 0-1


[Site "https://www.chess.com"]

[Event "Titled Tuesday Blitz October 25 Late 2022"]
[White "Svane, Rasmus"]
[Black "Shipov, Sergei"]
[WhiteFideId "4657101"]
[BlackFideId "4113624"]
[WhiteElo "2674"]
[BlackElo "2749"]
[Result "0-1"]
[Round "06"]
[TimeControl "180+1"]
[Date "2022.10.26"]
[WhiteClock "0:00:13"]
[BlackClock "0:00:16"]

1. Nf3 d5 2. g3 c6 3. Bg2 Bg4 4. O-O Nd7 5. h3 Bh5 6. d4 e6 7. c4 Ngf6 8. cxd5 exd5 9. Ne5 Ne4 10. Bxe4 dxe4 11. Nc3 Be7 12. Qb3 Nxe5 13. dxe5 Qc8 14. Kg2 Bg6 15. Bf4 O-O 16. Rac1 Bf5 17. g4 Be6 18. Qc2 f5 19. exf6 Bxf6 20. Nxe4 Bxb2 21. Qxb2 Rxf4 22. f3 Rxe4 23. fxe4 Qc7 24. a3 Re8 25. Qd4 b6 26. Rf3 c5 27. Qd3 h6 28. Rcf1 Qc6 29. Kg1 b5 30. Rf4 a5 31. Qf3 b4 32. axb4 cxb4 33. g5 Qc5+ 34. Kh2 Qxg5 35. Rg1 Qe5 36. Qg3 Bc4 37. Kh1 b3 38. Qg6 Re7 39. Qxh6 b2 40. Rh4 b1=Q 41. Qh8+ Kf7 42. Rxb1 Bxe2 43. Rb8 Bf3+ 44. Kg1 Qg3+ 45. Kf1 Qg2+ 0-1


[Site "https://www.chess.com"]

[Event "Titled Tuesday Blitz October 25 Late 2022"]
[White "Szente Varga, Fruzsina"]
[Black "Lymar, Vladislav"]
[WhiteFideId "712264"]
[BlackFideId "14162180"]
[WhiteElo "1994"]
[BlackElo "2094"]
[Result "0-1"]
[Round "06"]
[TimeControl "180+1"]
[Date "2022.10.26"]
[WhiteClock "0:00:13"]
[BlackClock "0:02:05"]

1. e4 c5 2. Nf3 Nc6 3. Bb5 Na5 4. O-O Nf6 5. e5 Nd5 6. Nc3 Nc7 7. Be2 g6 8. d4 cxd4 9. Nxd4 Bg7 10. f4 d6 11. exd6 Qxd6 12. Ndb5 Qb6+ 13. Kh1 O-O 14. Nxc7 Qxc7 15. Nd5 Qd6 16. c4 Be6 17. Qd2 b6 18. Rd1 Rac8 19. Rb1 Nxc4 20. Bxc4 Rxc4 21. b3 Rd4 22. Qe2 Bxd5 23. Bb2 Rxd1+ 24. Rxd1 Bxb2 0-1


[Site "https://www.chess.com"]

[Event "Titled Tuesday Blitz October 25 Late 2022"]
[White "Thiel, Thomas"]
[Black "Winterberg, Lukas"]
[WhiteFideId "4615964"]
[BlackFideId "24622702"]
[WhiteElo "2243"]
[BlackElo "2349"]
[Result "0-1"]
[Round "06"]
[TimeControl "180+1"]
[Date "2022.10.26"]
[WhiteClock "0:00:40"]
[BlackClock "0:01:29"]

1. e4 c6 2. d4 d5 3. exd5 cxd5 4. c4 Nc6 5. cxd5 Qxd5 6. Nf3 e6 7. Nc3 Qd8 8. Bc4 Nf6 9. O-O Be7 10. Re1 O-O 11. d5 Na5 12. Bb3 Nxb3 13. Qxb3 Nxd5 14. Nxd5 exd5 15. Bf4 b6 16. Rad1 Bb7 17. Nd4 Re8 18. Nf5 Bc5 19. Rxe8+ Qxe8 20. Nd6 Qe2 21. Nxb7 Qxf2+ 22. Kh1 Qxf4 23. Nxc5 bxc5 24. Qxd5 Re8 25. Qxc5 a6 26. h3 h6 27. Qc6 Re2 28. Qxa6 Rxb2 29. a4 Qe4 30. Rg1 Kh7 31. a5 Rb3 32. Qd6 Rxh3+ 0-1


[Site "https://www.chess.com"]

[Event "Titled Tuesday Blitz October 25 Late 2022"]
[White "Thomforde-Toates, Noah"]
[Black "Leenhouts, Koen"]
[WhiteFideId "30951992"]
[BlackFideId "1008439"]
[WhiteElo "2660"]
[BlackElo "2409"]
[Result "0-1"]
[Round "06"]
[TimeControl "180+1"]
[Date "2022.10.26"]
[WhiteClock "0:00:19"]
[BlackClock "0:00:14"]

1. d4 Nf6 2. Nc3 d5 3. Bf4 e6 4. e3 Bd6 5. Nf3 Bxf4 6. exf4 O-O 7. Ne5 c5 8. dxc5 Nfd7 9. Bd3 Nxc5 10. O-O Nxd3 11. Qxd3 Nc6 12. Rfe1 Bd7 13. Ne2 Nxe5 14. fxe5 Rc8 15. Nd4 Rc4 16. c3 b5 17. a3 a5 18. Re3 b4 19. axb4 axb4 20. Rh3 h6 21. Qg3 bxc3 22. bxc3 Qg5 23. f4 Qxg3 24. Rxg3 Rfc8 25. Ra3 g6 26. Kf2 Rb8 27. Re3 Rb2+ 28. Re2 Rb1 29. Ke3 Bb5 30. Rea2 Kg7 31. g3 Rc5 32. Kd2 Rh1 33. Ke3 Re1+ 34. Kf2 Rf1+ 35. Kg2 Rb1 36. Ra5 Bf1+ 37. Kf2 Rxc3 38. Ra7 Bc4 39. Nxe6+ Kg8 40. Ra8+ Kh7 41. Nf8+ Kg7 42. R2a7 Rb2+ 43. Ke1 Rc1# 0-1


[Site "https://www.chess.com"]

[Event "Titled Tuesday Blitz October 25 Late 2022"]
[White "Tokhirjonova, Gulrukhbegim"]
[Black "Mirzoeva, Elmira"]
[WhiteFideId "14203626"]
[BlackFideId "4127951"]
[WhiteElo "2236"]
[BlackElo "2161"]
[Result "1-0"]
[Round "06"]
[TimeControl "180+1"]
[Date "2022.10.26"]
[WhiteClock "0:00:47"]
[BlackClock "0:00:48"]

1. e4 d6 2. d4 Nf6 3. Nc3 e5 4. dxe5 dxe5 5. Qxd8+ Kxd8 6. Bg5 Nd7 7. f4 h6 8. Bxf6+ Nxf6 9. fxe5 Ng4 10. Nf3 Bc5 11. Rd1+ Bd7 12. Nd5 Nf2 13. b4 Nxd1 14. bxc5 Nb2 15. Kd2 c6 16. Nc3 Be6 17. Nd4 Nc4+ 18. Bxc4 Bxc4 19. Ke3 g6 20. Rb1 Kc7 21. h4 Rhe8 22. Nf3 b6 23. Rb4 Be6 24. Na4 Rab8 25. a3 bxc5 26. Nxc5 Rxb4 27. axb4 Bc4 28. c3 a5 29. bxa5 Ra8 30. Nd2 Rxa5 31. Nxc4 Rxc5 32. Kd4 Rb5 33. Nd6 Rb2 34. Nxf7 Rd2+ 35. Ke3 Rxg2 36. e6 Rb2 37. Kf4 Rf2+ 38. Ke5 c5 39. Nxh6 Kd8 40. Ng8 c4 41. Kd6 Rf4 42. e7+ Ke8 43. e5 Kf7 44. Nf6 1-0


[Site "https://www.chess.com"]

[Event "Titled Tuesday Blitz October 25 Late 2022"]
[White "Toncheva, Nadya"]
[Black "Zilleruelo Irizarry, Diego"]
[WhiteFideId "2924056"]
[BlackFideId "3101460"]
[WhiteElo "2101"]
[BlackElo "1998"]
[Result "0-1"]
[Round "06"]
[TimeControl "180+1"]
[Date "2022.10.26"]
[WhiteClock "0:00:04"]
[BlackClock "0:00:14"]

1. d4 d5 2. c4 e6 3. Nc3 a6 4. cxd5 exd5 5. Nf3 Nf6 6. Bg5 Be6 7. e3 Nbd7 8. Bd3 h6 9. Bh4 g5 10. Bg3 Nh5 11. Qc2 Nxg3 12. hxg3 c6 13. e4 dxe4 14. Nxe4 Qa5+ 15. Kf1 Be7 16. b4 Qd8 17. a3 Bd5 18. Re1 Kf8 19. Nc5 Nxc5 20. dxc5 Bf6 21. Be4 Be6 22. Bf5 Bd5 23. Kg1 Kg7 24. Kh2 Qc7 25. Re2 Rhe8 26. Rhe1 Rxe2 27. Qxe2 Rd8 28. Bb1 h5 29. Qc2 Rh8 30. Qf5 h4 31. Kg1 hxg3 32. Nxg5 gxf2+ 33. Kxf2 Bd4+ 34. Ke2 Qg3 35. Be4 Re8 36. Qh7+ Kf8 37. Qh6+ Bg7 38. Nh7+ Kg8 39. Nf6+ Bxf6 40. Rh1 Rxe4+ 41. Kd2 Bg5+ 0-1


[Site "https://www.chess.com"]

[Event "Titled Tuesday Blitz October 25 Late 2022"]
[White "Velikanov, Alexander"]
[Black "Hambleton, Aman"]
[WhiteFideId "2039290"]
[BlackFideId "2606577"]
[WhiteElo "2259"]
[BlackElo "2538"]
[Result "1-0"]
[Round "06"]
[TimeControl "180+1"]
[Date "2022.10.26"]
[WhiteClock "0:00:20"]
[BlackClock "0:00:03"]

1. g3 d5 2. Bg2 c6 3. f4 Nh6 4. d3 g6 5. Nf3 Bg7 6. O-O d4 7. c3 c5 8. e4 dxe3 9. Bxe3 Nd7 10. Ne5 Nf5 11. Qe2 Nxe3 12. Qxe3 O-O 13. Nxd7 Qxd7 14. Na3 Qc7 15. Nc4 Rb8 16. a4 b6 17. a5 b5 18. Ne5 Bb7 19. Bxb7 Rxb7 20. Qe4 a6 21. Nc6 e6 22. d4 Rc8 23. Ne5 cxd4 24. cxd4 Qb8 25. Rac1 Rbc7 26. Nc6 Qa8 27. d5 exd5 28. Ne7+ Rxe7 29. Qxe7 Bxb2 30. Rc7 Rxc7 31. Qxc7 Bd4+ 32. Kg2 Be3 33. Kh3 d4 34. f5 Qe4 35. fxg6 Qe6+ 36. g4 Qxg6 37. Qc8+ Kg7 38. Qf5 Qh6+ 39. Kg3 Qd6+ 40. Kg2 Qe7 41. Rf3 h6 42. Qd3 Qe6 43. h3 Qd5 44. Qf5 Qa2+ 45. Kg3 Qe6 46. h4 Qd6+ 47. Kg2 Qe7 48. g5 hxg5 49. hxg5 Qxg5+ 50. Qxg5+ Bxg5 51. Rf5 Kg6 52. Rd5 f6 53. Rxd4 Bc1 54. Rd6 b4 55. Rxa6 b3 56. Rb6 Be3 57. Rxb3 Bd4 58. a6 Kf5 59. Rb7 Kg4 60. a7 Bxa7 61. Rxa7 f5 62. Ra4+ Kg5 63. Kf2 Kh5 64. Kf3 Kg5 65. Ra5 Kg6 66. Kf4 Kh5 67. Rxf5+ Kg6 68. Rg5+ Kf6 69. Kg4 Ke6 70. Rf5 Kd6 71. Kf4 Ke6 72. Ke4 Kd6 73. Re5 Kc6 74. Rd5 Kb6 75. Kd4 Kc6 76. Kc4 Kb6 77. Rc5 Kb7 78. Kb5 Ka8 79. Kb6 Kb8 80. Rc4 Ka8 81. Rc8# 1-0


[Site "https://www.chess.com"]